Match 47079626
Unlisted

Match 47079626
End
Panzergrenadier Squad
Selects Armored Support Battlegroup
250 Light Carrier
Panzergrenadier Squad
Construct Light Support Kompanie
Assault Grenadier Squad
Construct Mechanized Kompanie
Panzerjäger Mechanized Group
Combat Half-tracks
Support Armor Elements
StuG III D Assault Gun
Vehicle Survival Package
StuG III D Assault Gun
Emergency Repair Kits
2.5-tonne Medical Truck
Selects Veteran Gunners
Selects Flammpanzer III Medium Tank
Flammpanzer III Medium Tank
Assault Mechanized Group
Flammpanzer III Medium Tank
Marder III Tank Destroyer
Flammpanzer III Medium Tank
StuG III D Assault Gun
Palomo
♠♣ Kvothe ♠♣
0
0

Comments sign in to comment!

No comments posted yet!